 Dungeon Crawl Stone Soup version 0.27-a0-1180-g7fc4abc71e (webtiles) character file.

Game seed: 8944265671320573095

19 Glokmah the Vexing (level 2, 0/16 HPs)
             Began as a Kobold Arcane Marksman on May 17, 2021.
             Slain by a frilled lizard (2 damage)
             ... on level 1 of the Dungeon.
             The game lasted 00:01:32 (873 turns).

Glokmah the Vexing (Kobold Arcane Marksman)          Turns: 873, Time: 00:01:32

Health: 0/16       AC:  2    Str:  7    XL:     2   Next: 95%
Magic:  3/3        EV: 15    Int: 14    God:
Gold:   10         SH:  0    Dex: 15    Spells: 0/3 levels left

rFire    . . .     SeeInvis .   a - +0 hand crossbow
rCold    . . .     Faith    .   (shield restricted)
rNeg     . . .     Spirit   .   e - +0 robe
rPois    .         Reflect  .   (no helmet)
rElec    .         Harm     .   (no cloak)
rCorr    .         Rampage  .   (no gloves)
Will     .....                  (no boots)
Stlth    +++.......             (no amulet)
HPRegen  0.05/turn              (no ring)
MPRegen  0.08/turn              (no ring)

@: no status effects
A: small, no large weapons, nightstalker 3
a: no special abilities


You were on level 1 of the Dungeon.
You visited 1 branch of the dungeon, and saw 1 of its levels.

You collected 10 gold pieces.

Inventory:

Hand Weapons
 a - a +0 hand crossbow (weapon)
 b - a +0 dagger
Missiles
 d - 14 bolts (quivered ammo)
 f - 13 poisoned darts
Armour
 e - a +0 robe (worn)
Scrolls
 c - a scroll of immolation {unknown}


   Skills:
 + Level 1.3 Fighting
 * Level 2.9 Crossbows
 - Level 2.4 Dodging
 + Level 0.9 Stealth
 + Level 1.3 Spellcasting
 * Level 3.3 Hexes


You couldn't memorise any spells.
You knew the following spells:

 Your Spells              Type           Power      Damage    Failure   Level
a - Corona                Hex            11%        N/A       6%          1
b - Slow                  Hex            10%        N/A       10%         2

Your spell library contained the following spells:

 Spells                   Type           Power      Damage    Failure   Level
 Inner Flame              Hex/Fire       5%         N/A       36%         3
 Portal Projectile        Hex/Tloc       10%        N/A       36%         3
 Cause Fear               Hex            5%         N/A       54%         4
 Leda's Liquefaction      Hex/Erth       2%         N/A       77%         4


Dungeon Overview and Level Annotations

Branches:
Dungeon (1/15)

Altars:

Annotations:
D:1 1 runed translucent door


Innate Abilities, Weirdness & Mutations

You are small and have problems with some larger weapons.
You are completely attuned to the shadows.


Message History

The endoplasm is moderately wounded.
The frilled lizard bites you.
* * * LOW HITPOINT WARNING * * *
The frilled lizard barely misses you. The endoplasm closely misses you.
Fire: 18 bolts
Press: ? - help, Q - select action, (/) - cycle Shift-Dir - straight line, f/p - frilled lizard
Aim: a frilled lizard (heavily wounded, 46% to hit)
You shoot a bolt.
The bolt barely misses the frilled lizard.
The frilled lizard hisses.
The frilled lizard bites you.
* * * LOW HITPOINT WARNING * * *
The endoplasm closely misses you.
Fire: 17 bolts
Press: ? - help, Q - select action, (/) - cycle Shift-Dir - straight line, f/p - frilled lizard
Aim: a frilled lizard (heavily wounded, 46% to hit)
You shoot a bolt.
The bolt closely misses the frilled lizard.
The bolt hits the endoplasm but does no damage.
The endoplasm is moderately wounded.
The frilled lizard barely misses you.
The frilled lizard completely misses you.
The endoplasm hits you but does no damage.
Fire: 16 bolts
Press: ? - help, Q - select action, (/) - cycle Shift-Dir - straight line, f/p - frilled lizard
Aim: a frilled lizard (heavily wounded, 46% to hit)
You shoot a bolt. The bolt hits the endoplasm.
The endoplasm is severely wounded.
The endoplasm closely misses you.
The frilled lizard bites you but does no damage.
The endoplasm closely misses you.
Fire: 15 bolts
Press: ? - help, Q - select action, (/) - cycle Shift-Dir - straight line, f/p - frilled lizard
Aim: a frilled lizard (heavily wounded, 46% to hit)
You shoot a bolt.
The bolt closely misses the frilled lizard.
The frilled lizard barely misses you. The endoplasm closely misses you.
The endoplasm jiggles.
The frilled lizard bites you.
You die... ..........#......# ####+#######. ......(...(......# ..BwrhhBh.#.

####.#.##.####...#
..rhrhrJ..#.
#.#.##.####.((#
r....JJ. #.
#[#.##........####
#########.
#.#....#####......
........... ######
#......
........###
#Jl#### .......#
#.@# ##...###
###..########...#
..............###
####.########.#
#####.# #†#
#.....# #.#
#.##### #.# #.#
#.# #.# #.#


You could see an endoplasm and a frilled lizard.

Vanquished Creatures
  A dart slug (D:1)
  A ball python (D:1)
  2 endoplasms (D:1)
  A goblin (D:1)
  3 hobgoblins (D:1)
  A quokka (D:1)
  A frilled lizard (D:1)
  3 kobolds (D:1)
  2 rats (D:1)
15 creatures vanquished.

Notes
Turn   | Place    | Note
-------+----------+-------------------------------------------
     0 | D:1      | Glokmah the Kobold Arcane Marksman began the quest for the
                  | Orb.
     0 | D:1      | Reached XP level 1. HP: 12/12 MP: 2/2
     1 | D:1      | Found a runed translucent door.
   310 | D:1      | Reached XP level 2. HP: 12/16 MP: 3/3
   417 | D:1      | Learned a level 2 spell: Slow
   873 | D:1      | Slain by a frilled lizard

Illustrated notes

Levels and vault maps discovered:
D:1:      dpeg_arrival_caged_fury, layout_loops_ring, serial_shops,
          nicolae_shop_crystal

Action                   || total
-------------------------++-------
Melee: Dagger            ||    45
 Fire: Hand crossbow     ||    13
 Stab: Sleeping          ||     5
Armor: Robe              ||    11
Dodge: Dodged            ||    35

Table legend: (Time is in decaauts)
 A = Elapsed time spent in this place.
 B = Non-inter-level travel time spent in this place.
 C = Inter-level travel time spent in this place.
 D = Time resting spent in this place.
 E = Time spent auto-exploring this place.
 F = Levels seen in this place.
 G = Mean time per level.
                   A        B        C        D        E       F      G
               +--------+--------+--------+--------+--------+-----+--------+
         Total |    873 |    873 |      0 |      0 |    695 |   1 |  873.0 |
       Dungeon |    873 |    873 |      0 |      0 |    695 |   1 |  873.0 |
               +--------+--------+--------+--------+--------+-----+--------+

Top non-repeatable levels by time:
     D:1: 873 daAuts
